 Dungeon Crawl Stone Soup version 0.32-a0-128-g77eb882913 (webtiles) character file.

Game seed: 14915218320000379991

214 PriceMaster the Firebug (level 5, -2/31 HPs)
             Began as an Octopode Fire Elementalist on Feb 8, 2024.
             Slain by a gnoll
             ... wielding a +2 heavy halberd
              (23 damage)
             ... on level 3 of the Dungeon.
             The game lasted 00:06:50 (3625 turns).

PriceMaster the Firebug (OpFE)                      Turns: 3625, Time: 00:06:51

Health: -2/31      AC:  1    Str:  7    XL:     5   Next: 91%
Magic:  10/10      EV: 13    Int: 19    God:
Gold:   143        SH:  0    Dex: 13    Spells: 4/10 levels left

rFire   . . .        k - +2 hand axe (distort)
rCold   . . .        (no shield)
rNeg    . . .        (helmet restricted)
rPois   .            (no amulet)
rElec   .            (no ring)
rCorr   .            (no ring)
SInv    .            (no ring)
Will    .....        (no ring)
Stlth   +++          (no ring)
HPRegen 0.25/turn    (no ring)
MPRegen 0.12/turn    (no ring)
                     (no ring)

%: no passive effects
@: no status effects
A: almost no armour, amphibious, 8 rings, camouflage 1, gelatinous body 1,
(nimble swimmer 1), tentacles
a: no special abilities


You were on level 3 of the Dungeon.
You visited 1 branch of the dungeon, and saw 3 of its levels.

You collected 143 gold pieces.

Inventory:

Hand Weapons
 c - a +0 whip
 k - a +2 hand axe of distortion (weapon)
Magical Staves
 d - a staff of death
Scrolls
 b - 2 scrolls of noise {unknown}
 e - 3 scrolls of identify {unknown}
 g - a scroll of teleportation {unknown}
 h - 3 scrolls of poison {unknown}
 j - a scroll of vulnerability {unknown}
 l - 2 scrolls of brand weapon {unknown}
 n - a scroll of immolation {unknown}
Potions
 a - a potion of magic
 f - a potion of berserk rage {unknown}
 i - a potion of enlightenment {unknown}
 m - a potion of cancellation {unknown}


   Skills:
 + Level 0.2 Fighting
 + Level 0.7 Staves
 + Level 2.1 Dodging
 + Level 3.2 Stealth
 + Level 3.4 Spellcasting
 + Level 2.0 Conjurations
 + Level 1.7 Hexes
 + Level 4.3 Fire Magic


You had 4 spell levels left.
You knew the following spells:

 Your Spells              Type           Power      Damage    Failure   Level
a - Foxfire               Conj/Fire      60%        2x1d7     4%          1
b - Scorch                Fire           38%        2d6       3%          2
c - Inner Flame           Hex/Fire       14%        N/A       13%         3

Your spell library contained the following spells:

 Spells                   Type           Power      Damage    Failure   Level
 Volatile Blastmotes      Fire/Tloc      22%        2d11      19%         3
 Lesser Beckoning         Tloc           6%         N/A       22%         2
 Flame Wave               Conj/Fire      15%        2d7       36%         4
 Gell's Gravitas          Tloc           3%         N/A       41%         3
 Teleport Other           Tloc           3%         N/A       41%         3


Dungeon Overview and Level Annotations

Branches:
Dungeon (3/15)

Altars:


Innate Abilities, Weirdness & Mutations

You cannot wear most types of armour.
You are amphibious.
You can wear up to eight rings at the same time.
Your skin changes colour to match your surroundings (Stealth+).
Your rubbery body absorbs attacks. (AC +1, EV +1)
((You are camouflaged when in or above water. (Stealth+)))
You have tentacles for arms and can constrict up to eight enemies at once.


Message History

No target in view!
No target in view!
HP restored.
Magic restored.
l - 2 scrolls labelled SUFES CISOQETS (gained 1)
A kobold comes into view. It is wielding a +0 short sword.
The kobold shouts!
The kobold moves out of view.
A kobold is nearby!
A kobold is nearby!
A kobold is nearby!
The kobold hits you with a +0 short sword.
You hit the kobold.
You kill the kobold!
No target in view!
No target in view!
You now have 135 gold pieces (gained 8).
You see here a +0 short sword.
n - a scroll labelled JEGUENL ESIU You now have 143 gold pieces (gained 8).
b - 2 scrolls labelled DICHOU ZAQU (gained 1)
Found a stone staircase leading up.
A rat comes into view.
A rat is nearby!
A rat is nearby!
A rat is nearby! 2 gnolls come into view.
A gnoll is wielding a +2 heavy halberd.
The gnoll shouts! x2; You hear a loud squeak.
The gnoll enters a dispersal trap!
The gnoll blinks!
You blink.
A rat comes into view.
The gnoll blinks!
A bombardier beetle comes into view.
You completely miss the gnoll.
The rat squeaks loudly.
Your grab misses the gnoll. You barely miss the gnoll.
Your grab misses the gnoll. The gnoll hits you with a +0 whip!
The gnoll barely misses you.
The gnoll hits you from afar with a +2 heavy halberd!!
Ouch! That really hurt!
You die...

#### ##########
#####.B. .........# ##
#.....# ########.# ..
....r. .........# .#
#.gg# #######..# .#
#g..# #..# .# #@..#
##..# .# #.ยงยง#
######...###.###...###
............#.##.....
######.#.###.###..####
# #.#.......<.r# #
#.########...# # #.#
#....# # #.# #....#


You could see a bombardier beetle, 3 gnolls and 2 rats.

Vanquished Creatures
  An ogre (D:2)
  An orc wizard (D:2)
  3 adders (D:2)
  4 dart slugs
  3 ribbon worms
  3 orcs
  6 ball pythons
  3 bats
  4 endoplasms
  3 giant cockroaches (D:1)
  5 goblins
  6 hobgoblins
  4 quokkas
  4 frilled lizards
  7 kobolds
  3 rats
60 creatures vanquished.

Vanquished Creatures (collateral kills)
  12 foxfires
12 creatures vanquished.

Vanquished Creatures (others)
  80 foxfires
80 creatures vanquished.

Grand Total: 152 creatures vanquished

Notes
Turn   | Place    | Note
-------+----------+-------------------------------------------
     0 | D:1      | PriceMaster the Octopode Fire Elementalist began the quest
                  | for the Orb.
     0 | D:1      | Reached XP level 1. HP: 11/11 MP: 3/3
   181 | D:1      | Reached XP level 2. HP: 17/17 MP: 1/5
   638 | D:1      | Learned a level 2 spell: Scorch
   883 | D:1      | Reached XP level 3. HP: 21/21 MP: 3/6
   930 | D:1      | Learned a level 3 spell: Inner Flame
  1049 | D:1      | Found a faded altar of an unknown god.
  2025 | D:2      | Reached XP level 4. HP: 21/27 MP: 6/8
  2264 | D:2      | Noticed an ogre
  2311 | D:2      | Killed an ogre
  2312 | D:2      | Reached skill level 1 in Hexes
  2312 | D:2      | Reached skill level 4 in Fire Magic
  2312 | D:2      | Reached XP level 5. HP: 17/31 MP: 5/9
  3625 | D:3      | Slain by a gnoll

Illustrated notes

Levels and vault maps discovered:
D:1:      dpeg_arrival_castle, layout_basic, dilly_ecumenical_altar_fadedgnrine,
          minmay_misc_feat_encased, minmay_hedge_maze, minmay_crystal_water
D:2:      layout_loops_ring, serial_forest, infiniplex_forest_corner_1,
          infiniplex_forest_end_2, infiniplex_forest_clump_small,
          infiniplex_forest_straight_4, infiniplex_forest_fountain,
          infiniplex_forest_lined_room_2, infiniplex_forest_clump_small,
          infiniplex_forest_clump_small, infiniplex_forest_lined_room_2,
          infiniplex_forest_straight_4
D:3:      layout_loops_ring, nicolae_ru_path_of_blood

Skill      XL: |  1  2  3  4  5 |
---------------+----------------+-----
Stealth        | 3 |  3.2
Spellcasting   | 3 |  3.4
Hexes          | 1 |  1.7
Fire Magic     | 4 |  4.3
Conjurations   | 2 |  2.0
Fighting       | |  0.2
Staves         | |  0.7
Dodging        | |  2.1

Action                     |  1- 3 |  4- 6 || total
---------------------------+-------+-------++-------
  Melee: Unarmed           |     3 |       ||     3
         Constrict         |     9 |     5 ||    14
         Staff             |    26 |    20 ||    46
         Whip              |    13 |       ||    13
         Tentacles         |     5 |     3 ||     8
         Punch             |       |     3 ||     3
         Hand axe          |       |     8 ||     8
   Cast: Foxfire           |    47 |    18 ||    65
         Scorch            |     6 |     7 ||    13
         Inner Flame       |     7 |     8 ||    15
    Use: Potion            |     1 |       ||     1
   Stab: Sleeping          |     2 |       ||     2
 Armour: Skin              |    23 |    14 ||    37
  Dodge: Dodged            |    31 |    16 ||    47

Table legend: (Time is in decaauts)
 A = Elapsed time spent in this place.
 B = Non-inter-level travel time spent in this place.
 C = Inter-level travel time spent in this place.
 D = Time resting spent in this place.
 E = Time spent auto-exploring this place.
 F = Levels seen in this place.
 G = Mean time per level.
                   A        B        C        D        E       F      G
               +--------+--------+--------+--------+--------+-----+--------+
         Total |   3633 |   3604 |     29 |    584 |   2516 |   3 | 1211.0 |
       Dungeon |   3633 |   3604 |     29 |    584 |   2516 |   3 | 1211.0 |
               +--------+--------+--------+--------+--------+-----+--------+

Top non-repeatable levels by time:
     D:2: 1772 daAuts
     D:1: 1471 daAuts
     D:3: 390 daAuts
